 Dungeon Crawl Stone Soup version 0.31-a0-167-g1c394c0614 (webtiles) character file.

Game seed: 5157687776121360534

212 qw the Shooter (level 5, -5/32 HPs)
             Began as a Gargoyle Hunter on June 14, 2023.
             Slain by an ogre
             ... wielding a +0 giant club
              (20 damage)
             ... on level 4 of the Dungeon.
             The game lasted 00:00:54 (3119 turns).

qw the Shooter (Gargoyle Hunter)                    Turns: 3119, Time: 00:00:54

Health: -5/32      AC: 12    Str: 15    XL:     5   Next: 89%
Magic:  5/5        EV: 17    Int:  9    God:
Gold:   169        SH:  0    Dex: 21    Spells: 4/4 levels left

rFire   . . .        Y - +0 shortbow
rCold   . . .        (shield currently unavailable)
rNeg    + . .        j - +3 leather armour
rPois   inf          (no helmet)
rElec   +            (no cloak)
rCorr   .            (no gloves)
SInv    .            d - +0 pair of boots
Will    .....        (no amulet)
Stlth   ++           h - +5 ring of evasion
HPRegen 0.25/turn    f - +6 ring of dexterity
MPRegen 0.09/turn

%: no passive effects
@: no status effects
A: sickness immunity, AC +4, negative energy resistance 1, electricity
resistance, torment resistance 1, petrification resistance, hooves 1,
deterioration 1, shaggy fur 1
a: no special abilities


You were on level 4 of the Dungeon.
You visited 2 branches of the dungeon, and saw 5 of its levels.

You collected 169 gold pieces.


Innate Abilities, Weirdness & Mutations

You are immune to sickness and miasma.
Your stone body is resilient. (AC +4)
You are immune to poison.
You resist negative energy. (rN+)
You are resistant to electric shocks. (rElec)
You are resistant to unholy torment.
You are immune to petrification.
You have large cloven feet.
Your body sometimes deteriorates upon taking damage.
You are covered in fur. (AC +1)


   Skills:
 + Level 3.4 Fighting
 - Level 6.0 Ranged Weapons
 - Level 1.7 Armour
 - Level 2.0 Dodging
 - Level 1.1 Stealth


You had 4 spell levels left.
You didn't know any spells.
Your spell library was empty.

Inventory:

Hand Weapons
 Y - a +0 shortbow (weapon)
Armour
 d - a +0 pair of boots (worn)
 j - a +3 leather armour (worn)
Jewellery
 f - a +6 ring of dexterity (right hand)
 h - a +5 ring of evasion (left hand)
Scrolls
 a - a scroll of identify
 g - a scroll of teleportation
Potions
 b - 2 potions of magic
 c - a potion of mutation
 e - a potion of heal wounds {unknown}
 i - a potion of curing {unknown}
 k - a potion of haste

Dungeon Overview and Level Annotations

Branches:
Dungeon (4/15)             Temple (1/1) D:4

Altars:
Elyvilon
Fedhas
Hepliaklqana
Makhleb
Qazlal
Sif Muna
Trog
Uskayaw
Wu Jian
Xom
Zin
The Shining One


Message History

The ogre is moderately wounded.
The ogre misses you.
You shoot an arrow. The arrow barely misses the ogre.
The ogre misses you.
You shoot an arrow. The arrow hits the ogre.
The ogre is moderately wounded.
You shoot an arrow. The arrow hits the ogre!
The ogre is heavily wounded.
The ogre closely misses you.
You shoot an arrow.
The arrow hits the ogre but does no damage.
The ogre is heavily wounded.
The ogre closely misses you.
You shoot an arrow. The arrow barely misses the ogre.
The ogre hits you with a +0 giant club!!
Ouch! That really hurt!
You shoot an arrow. The arrow hits the ogre.
The ogre is heavily wounded.
You shoot an arrow.
The arrow hits the ogre but does no damage.
The ogre is heavily wounded.
The ogre completely misses you.
You shoot an arrow. The arrow closely misses the ogre.
The ogre misses you.
You shoot an arrow. The arrow closely misses the ogre.
The ogre completely misses you.
You shoot an arrow. The arrow hits the ogre.
The ogre is severely wounded.
You shoot an arrow.
The arrow hits the ogre but does no damage.
The ogre is severely wounded.
The ogre misses you.
You shoot an arrow. The arrow hits the ogre.
The ogre is severely wounded.
The ogre closely misses you.
You shoot an arrow. The arrow hits the ogre.
The ogre is almost dead.
The ogre hits you with a +0 giant club!!
Ouch! That really hurt!
You die...

.#.......#..........#
####...###......)...#
#.'...+ #.#........#
#.##### #+###/.#####
... #.....# ..
##+##.# . #.. #.#
#+#...#'# #.....O@#
###...### +... ###


You could see an ogre.

Vanquished Creatures
  An ogre (D:3)
  Jessica (D:3)
  2 adders (D:2)
  A gnoll (D:3)
  2 ufetubi (D:4)
  A worm (D:3)
  A dart slug (D:3)
  3 orcs (D:4)
  5 ball pythons
  4 endoplasms
  3 giant cockroaches
  6 goblins
  3 hobgoblins
  2 jackals (D:4)
  4 quokkas
  5 bats
  3 frilled lizards
  3 kobolds
  6 rats
56 creatures vanquished.

Notes
Turn   | Place    | Note
-------+----------+-------------------------------------------
     0 | D:1      | qw the Gargoyle Hunter began the quest for the Orb.
     0 | D:1      | Reached XP level 1. HP: 12/12 MP: 1/1
     0 | D:1      | 0 ||| qw: Version: 0.2-a-29-g1fa15c8
     0 | D:1      | 0 ||| qw: Game counter: 4911
     0 | D:1      | 0 ||| qw: Always use a shield: true
     0 | D:1      | 0 ||| qw: God list: Okawaru
     0 | D:1      | 0 ||| qw: Allow faded altars: false
     0 | D:1      | 0 ||| qw: Do Orc after D:15 true
     0 | D:1      | 0 ||| qw: Do second Lair branch before Depths: true
     0 | D:1      | 0 ||| qw: Lair rune preference: random
     0 | D:1      | 0 ||| qw: Plans: Normal, Zot:1-4, Slime:5, God:TSO, Crypt,
                  | Tomb, Abyss, Pan, Hells, Win
     0 | D:1      | 0 ||| PLANNING D:1-11
    92 | D:1      | Reached XP level 2. HP: 17/17 MP: 2/2
   548 | D:1      | Found a faded altar of an unknown god.
   738 | D:1      | 738 ||| UPGRADING to +0 ring mail.
   748 | D:1      | 748 ||| DROPPING +0 leather armour.
   749 | D:1      | 749 ||| UPGRADING to +5 ring of evasion.
   750 | D:1      | 750 ||| READING 4 scrolls labelled TOCKAR JAKUL.
   751 | D:1      | 751 ||| READING scroll labelled SILIDWIKA.
   752 | D:1      | 752 ||| READING scroll labelled CEGISINUIKH.
   757 | D:1      | 757 ||| DROPPING scroll of butterflies.
   941 | D:2      | Reached skill level 1 in Armour
   941 | D:2      | Reached XP level 3. HP: 18/21 MP: 3/3
  1281 | D:2      | 1281 ||| READING 3 scrolls of identify.
  1281 | D:2      | 1281 ||| IDENTIFYING cyan potion
  1471 | D:2      | Reached skill level 5 in Ranged Weapons
  1647 | D:2      | 1647 ||| DRINKING 2 fuming coppery potions.
  1647 | D:2      | Gained mutation: Your body sometimes deteriorates upon
                  | taking damage. [potion of mutation]
  1647 | D:2      | Gained mutation: You are covered in fur. (AC +1) [potion of
                  | mutation]
  1647 | D:2      | Gained mutation: You have large cloven feet. [potion of
                  | mutation]
  1648 | D:2      | 1648 ||| READING 3 scrolls of identify.
  1648 | D:2      | 1648 ||| IDENTIFYING murky amethyst potion
  1649 | D:2      | 1649 ||| DROPPING potion of berserk rage.
  1695 | D:3      | Noticed Jessica
  1700 | D:3      | Killed Jessica
  1701 | D:3      | Reached skill level 3 in Fighting
  1701 | D:3      | Reached XP level 4. HP: 28/28 MP: 4/4
  1701 | D:3      | Found a shimmering blue altar of Sif Muna.
  1750 | D:3      | Found a bloodstained altar of Trog.
  1902 | D:3      | Found a glowing silver altar of Zin.
  1919 | D:3      | Noticed an ogre
  1926 | D:3      | Killed an ogre
  1927 | D:3      | Reached skill level 6 in Ranged Weapons
  1927 | D:3      | Reached XP level 5. HP: 32/32 MP: 5/5
  2428 | D:3      | Found a hazy altar of Hepliaklqana.
  2655 | D:3      | 2655 ||| UPGRADING to +0 pair of boots.
  2660 | D:3      | 2660 ||| DROPPING scarf of invisibility.
  2661 | D:3      | 2661 ||| UPGRADING to +3 leather armour.
  2671 | D:3      | 2671 ||| DROPPING +0 ring mail.
  2676 | D:3      | 2676 ||| UPGRADING to +6 ring of dexterity.
  2677 | D:3      | 2677 ||| READING 2 scrolls of identify.
  2677 | D:3      | 2677 ||| IDENTIFYING silvery potion
  2842 | D:4      | Found a staircase to the Ecumenical Temple.
  2843 | D:4      | 2843 ||| PLANNING TEMPLE
  2850 | Temple   | Entered the Ecumenical Temple
  3021 | Temple   | 3021 ||| PLANNING D:1-11
  3104 | D:4      | Noticed an ogre
  3119 | D:4      | Slain by an ogre

Levels and vault maps discovered:
D:1:      eino_arrival_cavern_b, layout_loops_ring, basic_ecumenical_altar,
          minmay_quantized
D:2:      layout_loops_ring, serial_co_window_serial, co_window_corner_a,
          co_window_paths_b, co_window_paths_a, co_window_corner_a,
          co_window_corner_a, co_window_2corner, co_window_corner_cb,
          co_window_paths_c, co_window_paths_e, glass_columns_b,
          minmay_indecisive_spiral
D:3:      layout_basic, nzn_overflow_gifts_of_might_and_magic,
          general_overflow_altar, marbit_many_paths
D:4:      nicolae_cairo_tiling_large, layout_rooms,
          nicolae_overflow_quartered_altars, minmay_temple_entry_gardened_gates
Temple:   nicolae_temple_bog_church

Skill      XL: |  1  2  3  4  5 |
---------------+----------------+-----
Armour         | 1 |  1.7
Ranged Weapons | 5 6 |  6.0
Fighting       | 3 |  3.4
Dodging        | 2 |  2.0
Stealth        | |  1.1

Action                     |  1- 3 |  4- 6 || total
---------------------------+-------+-------++-------
   Fire: Shortbow          |   103 |    86 ||   189
    Use: Scroll            |     5 |     1 ||     6
         Potion            |     1 |       ||     1
 Armour: Leather armour    |     6 |     3 ||     9
         Ring mail         |     9 |     1 ||    10
  Dodge: Dodged            |    57 |    31 ||    88

Table legend:
 A = Non-vault XP
 B = Vault XP
 C = Vault XP percentage of total XP
 D = Non-vault monster count
 E = Vault monster count
 F = Vault count percentage of total count
                 A         B        C        D         E       F
            +---------+---------+-------+---------+---------+-------
      Total |     238 |      65 |  21.5 |      45 |      11 |  19.6
            +---------+---------+-------+---------+---------+-------
        D:1 |      12 |       7 |  36.8 |       7 |       4 |  36.4
        D:2 |      45 |       5 |  10.0 |      12 |       4 |  25.0
        D:3 |     140 |      53 |  27.5 |      12 |       3 |  20.0
        D:4 |      41 |       0 |   0.0 |      14 |       0 |   0.0
            +---------+---------+-------+---------+---------+-------
